 Dungeon Crawl Stone Soup version 0.29-a0-322-g68df515428 (webtiles) character file.

Game seed: 7544204542579267888

69 dracfodder the Skirmisher (level 4, -2/29 HPs)
             Began as a Gargoyle Berserker on Apr 9, 2022.
             Was a Believer of Trog.
             Slain by a gnoll
             ... wielding a +0 whip
              (4 damage)
             ... on level 3 of the Dungeon.
             The game lasted 00:04:09 (1749 turns).

dracfodder the Skirmisher (Gargoyle Berserker)      Turns: 1749, Time: 00:04:10

Health: -2/29      AC: 16    Str: 22    XL:     4   Next: 20%
Magic:  4/4        EV:  8    Int:  8    God:    Trog [**....]
Gold:   74         SH:  0    Dex:  9    Spells: 3/3 levels left

rFire   . . .      SeeInvis .   l - +1 long sword (elec)
rCold   . . .      Faith    .   (no shield)
rNeg    + . .      Spirit   .   e - +1 chain mail
rPois   ∞          Reflect  .   (no helmet)
rElec   +          Harm     .   j - +2 cloak
rCorr   .          Rampage  .   (no gloves)
Will    .....                   (no boots)
Stlth   ..........              (no amulet)
HPRegen 0.09/turn               (no ring)
MPRegen 0.09/turn               (no ring)

@: no status effects
A: sickness immunity, AC +3, negative energy resistance 1, electricity
resistance, torment resistance 1, petrification resistance
a: Renounce Religion, Berserk, Trog's Hand


You were on level 3 of the Dungeon.
You worshipped Trog.
Trog was pleased with you.
You visited 1 branch of the dungeon, and saw 3 of its levels.

You collected 74 gold pieces.

Inventory:

Hand Weapons
 a - a +0 hand axe
 l - a +1 long sword of electrocution (weapon)
Armour
 e - a +1 chain mail (worn)
 j - a +2 cloak (worn)
Scrolls
 f - a scroll of teleportation {unknown}
Potions
 b - a potion of heal wounds
 c - 2 potions of attraction {unknown}
 d - a potion of might {unknown}
 g - 2 potions of lignification {unknown}
 k - a potion of berserk rage {unknown}


   Skills:
 + Level 3.7 Fighting
 + Level 3.6 Axes
 + Level 3.2 Armour
 + Level 1.7 Dodging


You had 3 spell levels left.
You didn't know any spells.
Your spell library was empty.

Dungeon Overview and Level Annotations

Branches:
Dungeon (3/15)

Altars:


Innate Abilities, Weirdness & Mutations

You are immune to sickness and miasma.
Your stone body is resilient. (AC +3)
You are immune to poison.
You resist negative energy. (rN+)
You are resistant to electric shocks. (rElec)
You are resistant to unholy torment.
You are immune to petrification.


Message History

a +0 halberd; a gnoll corpse You see here a +0 spear.
The gnoll shouts! x2
You hit the gnoll but do no damage. The gnoll closely misses you.
You hit the gnoll.
The gnoll is moderately wounded.
The gnoll hits you with a +0 whip. The gnoll hits you but does no damage.
You barely miss the gnoll.
The gnoll is moderately wounded.
The gnoll hits you from afar with a +0 spear.
The gnoll hits you but does no damage.
You are too injured to fight recklessly!
You barely miss the gnoll.
The gnoll is moderately wounded.
The gnoll hits you from afar with a +0 spear.
* * * LOW HITPOINT WARNING * * *
The gnoll barely misses you.
You closely miss the gnoll.
The gnoll is moderately wounded.
The gnoll hits you but does no damage. x2; The gnoll barely misses you.
The gnoll hits you from afar with a +0 spear.
* * * LOW HITPOINT WARNING * * *
The gnoll attacks as you move away! The gnoll hits you with a +0 whip.
* * * LOW HITPOINT WARNING * * *
The gnoll closely misses you.
You see here a +0 spear.
Things that are here:
a +0 halberd; a gnoll corpse The gnoll attacks as you move away!
The gnoll hits you but does no damage. The gnoll attacks as you move away!
The gnoll hits you but does no damage. The gnoll attacks as you move away!
The gnoll hits you with a +0 whip.
* * * LOW HITPOINT WARNING * * *
Found 10 stones.
You closely miss the gnoll.
The gnoll is moderately wounded.
The gnoll closely misses you.
You hit the gnoll.
The gnoll is heavily wounded.
The gnoll hits you with a +0 whip.
You die...

.# ..##.## #..<..
......# .. ....# .#
....#
########.###...##
#..........@....#
#.......####g###.(#
. #.......###.## #.
#.......##.##
.####..[....##g#
...#.......##)##
#..#.......##..#
#..#..#.#.###.#.#
#..#.###......##..


You could see a gnoll.

Vanquished Creatures
  2 gnolls (D:3)
  2 adders (D:2)
  A worm (D:2)
  2 bats (D:1)
  2 endoplasms (D:2)
  3 goblins
  A hobgoblin (D:2)
  5 jackals (D:2)
  6 ball pythons
  3 kobolds
  3 rats (D:2)
30 creatures vanquished.

Notes
Turn   | Place    | Note
-------+----------+-------------------------------------------
     0 | D:1      | dracfodder the Gargoyle Berserker began the quest for the
                  | Orb.
     0 | D:1      | Reached XP level 1. HP: 14/14 MP: 1/1
   206 | D:1      | Reached XP level 2. HP: 18/19 MP: 2/2
   654 | D:2      | Reached XP level 3. HP: 20/23 MP: 3/3
  1006 | D:2      | Reached ** piety under Trog
  1723 | D:3      | Reached XP level 4. HP: 17/29 MP: 4/4
  1747 | D:3      | HP: 1/29 [gnoll/+0 whip (2)]
  1749 | D:3      | Slain by a gnoll

Illustrated notes

Levels and vault maps discovered:
D:1:      shiori_arrival_whats_in_store_for_you, layout_basic,
          minmay_misc_feat_plants, minmay_misc_feat_cross
D:2:      layout_basic, st_stairs_4
D:3:      layout_loops_cross, grunt_temple_overflow_gold_and_silver,
          mainiacjoe_overflow_small_starburst

Skill      XL: |  1  2  3  4 |
---------------+-------------+-----
Axes           | 3 |  3.6
Armour         | 3 |  3.2
Fighting       | |  3.7
Dodging        | |  1.7

Action                   |  1- 3 |  4- 6 || total
-------------------------+-------+-------++-------
Melee: Hand axe          |    82 |       ||    82
       Long sword        |    18 |     9 ||    27
  Use: Scroll            |     4 |       ||     4
Armor: Animal skin       |    19 |       ||    19
       Chain mail        |    56 |     8 ||    64
Dodge: Dodged            |    49 |     5 ||    54

Table legend: (Time is in decaauts)
 A = Elapsed time spent in this place.
 B = Non-inter-level travel time spent in this place.
 C = Inter-level travel time spent in this place.
 D = Time resting spent in this place.
 E = Time spent auto-exploring this place.
 F = Levels seen in this place.
 G = Mean time per level.
                   A        B        C        D        E       F      G
               +--------+--------+--------+--------+--------+-----+--------+
         Total |   1770 |   1744 |     26 |    201 |   1214 |   3 |  590.0 |
       Dungeon |   1770 |   1744 |     26 |    201 |   1214 |   3 |  590.0 |
               +--------+--------+--------+--------+--------+-----+--------+

Top non-repeatable levels by time:
     D:2: 1263 daAuts
     D:1: 428 daAuts
     D:3: 78 daAuts
